 Dungeon Crawl Stone Soup version 0.24.0-5-g267a8d59f4 (webtiles) character file.

Game seed: 3414158774315546713, levelgen mode: classic

58 EnegeticOcto the Cutter (level 3, 0/28 HPs)
             Began as a Vampire Warper on Nov 1, 2019.
             Slain by an orc priest
             ... wielding a +0 flail
              (3 damage)
             ... on level 2 of the Dungeon.
             The game lasted 00:01:25 (1062 turns).

EnegeticOcto the Cutter (Vampire Warper)            Turns: 1062, Time: 00:01:25

Health: 0/28       AC:  4    Str: 10    XL:     3   Next: 75%
Magic:  6/6        EV: 12    Int: 15    God:
Gold:   91         SH:  3    Dex: 14    Spells: 6/6 levels left

rFire    . . .     SeeInvis +   a - +0 short sword
rCold    . . .     Gourm    .   h - +0 buckler
rNeg     . . .     Faith    .   b - +0 leather armour
rPois    .         Spirit   .   l - +0 helmet
rElec    .         Reflect  .   (no cloak)
rCorr    .         Harm     .   (no gloves)
MR       .....                  (no boots)
Stlth    ++........             (no amulet)
HPRegen  0.29/turn              g - ring of flight
MPRegen  0.10/turn              (no ring)

@: regenerating quickly
A: no food, fangs 3, see invisible, unbreathing
a: Exsanguinate, Evoke Flight


You were on level 2 of the Dungeon.
You were alive.

You visited 1 branch of the dungeon, and saw 2 of its levels.

You collected 91 gold pieces.

Inventory:

Hand Weapons
 a - a +0 short sword (weapon)
Missiles
 e - 5 boomerangs of dispersal (quivered)
Armour
 b - a +0 leather armour (worn)
 h - a +0 buckler (worn)
 l - a +0 helmet (worn)
Jewellery
 g - a ring of flight (left hand)
Scrolls
 c - a scroll of amnesia {unknown}
 d - a scroll of blinking {@r4}
 f - a scroll of noise {unknown}
 i - a scroll of enchant armour {unknown}
 j - a scroll of fog {unknown}
Potions
 k - a potion of agility {unknown}


   Skills:
 + Level 2.4 Fighting
 + Level 2.9 Short Blades
 - Level 0.7 Throwing
 - Level 0.7 Armour
 + Level 2.9 Dodging
 + Level 2.5 Stealth
 + Level 0.2 Shields
 - Level 2.0 Spellcasting
   Level 2.4 Translocations


You had 6 spell levels left.
You didn't know any spells.
Your spell library contained the following spells:

 Spells                   Type           Power        Failure   Level  Hunger
 Blink                    Tloc           N/A          28%         2    N/A
 Shroud of Golubria       Chrm/Tloc      #.....       41%         2    N/A
 Gell's Gravitas          Tloc           #.........   50%         3    N/A
 Lesser Beckoning         Tloc           #.........   50%         3    N/A
 Teleport Other           Tloc           #.......     50%         3    N/A
 Passage of Golubria      Tloc           N/A          88%         4    N/A

Dungeon Overview and Level Annotations

Branches:
Dungeon (2/15)

Altars:
Wu Jian


Innate Abilities, Weirdness & Mutations

You do not eat.
Your natural rate of healing is unusually fast.
You have razor-sharp teeth.
You have supernaturally acute eyesight. (SInv)
You can survive without breathing.


Message History

You hit the bat.
You kill the bat!
No target in view!
No target in view!
No target in view!
No target in view!
No target in view!
No target in view!
You now have 91 gold pieces (gained 6).
Found a hand axe.
You see here a hand axe.
A bat comes into view.
A bat is nearby!
A bat is nearby!
The bat barely misses you. The bat barely misses you.
The bat closely misses you. The bat misses you.
Found 9 gold pieces.
The bat closely misses you.
No target in view!
No target in view!
No target in view!
No target in view!
No target in view!
No target in view!
No target in view!
The bat hits you but does no damage. The bat hits you but does no damage. x2
The bat hits you. The bat barely misses you. You block the bat's attack.
The bat closely misses you.
You hit the bat.
The bat is severely wounded.
The bat barely misses you. The bat barely misses you.
The bat hits you but does no damage. The bat hits you.
You barely miss the bat.
The bat is severely wounded.
The bat hits you but does no damage. The bat misses you.
The bat hits you but does no damage.
You hit the bat.
You kill the bat!
No target in view!
No target in view!
No target in view!
No target in view!
No target in view!
l - a helmet You start putting on your armour.
You continue putting on your helmet. x4
You finish putting on your +0 helmet.
You see here a bat corpse.
A dart slug comes into view.
A dart slug is nearby!
A dart slug is nearby!
The helpless dart slug fails to defend itself.
You puncture the dart slug!
The dart slug is severely wounded.
The dart slug launches a dart at you. The slug dart hits you.
You hit the dart slug.
You kill the dart slug!
An orc priest is nearby!
You see here a bat corpse.
You block the orc priest's attack.
The orc shouts!
You hit the orc priest.
The orc priest is moderately wounded.
The orc priest casts a cantrip, but nothing happens.
You barely miss the orc priest.
The orc priest is moderately wounded.
The orc priest miscasts a cantrip.
The orc shouts!
You hit the orc priest.
You bite the orc priest, but do no damage.
The orc priest is heavily wounded.
The orc priest hits you with a +0 flail.
You hit the orc priest but do no damage.
The orc priest is heavily wounded.
You hit the orc priest.
You bite the orc priest, but do no damage.
The orc priest is severely wounded.
The orc priest calls down the wrath of Beogh upon you.
Pain shoots through your body!
You are too injured to fight recklessly!
You are too injured to fight recklessly!
You are too injured to fight recklessly!
You closely miss the orc priest.
The orc priest is severely wounded.
The orc closely misses you. The orc priest closely misses you.
You hit the orc priest but do no damage.
The orc priest is severely wounded.
The orc barely misses you. The orc closely misses you.
The orc priest hits you with a +0 flail.
You hit the orc priest but do no damage.
The orc priest is severely wounded.
The orc closely misses you. The orc hits you with a +0 war axe!
* * * LOW HITPOINT WARNING * * *
The orc priest hits you with a +0 flail.
You die...

##### ##### #...#
#...# #...#
#..$#####
#...########...#....
#..ooo...†.......# #
#..@########...###..
#...# ## #.......#
###.### .###........
#..)##..##...####.
###.....##...#
.......#.#.##...#
...#####.#.###### .
#.#.# #...####


You could see an orc priest and 2 orcs.

Vanquished Creatures
  A gnoll (D:1)
  An ooze (D:1)
  2 dart slugs
  A leopard gecko (D:1)
  7 bats
  4 giant cockroaches (D:1)
  5 goblins (D:1)
  5 hobgoblins (D:1)
  3 jackals (D:2)
  A ball python (D:1)
  2 kobolds
  2 rats (D:1)
34 creatures vanquished.

Notes
Turn   | Place    | Note
-------+----------+-------------------------------------------
     0 | D:1      | EnegeticOcto the Vampire Warper began the quest for the
                  | Orb.
     0 | D:1      | Reached XP level 1. HP: 16/16 MP: 3/3
   122 | D:1      | Reached skill level 1 in Stealth
   125 | D:1      | Reached XP level 2. HP: 19/22 MP: 5/5
   521 | D:1      | Reached XP level 3. HP: 15/27 MP: 6/6
   876 | D:2      | Found an ornate altar of the Wu Jian Council.
  1062 | D:2      | Slain by an orc priest

Levels and vault maps discovered:
D:1:      elethiomel_arrival_infinity_welcomes_careful_drivers, layout_basic
D:2:      cheibrodos_pilgrimage, layout_rooms, nicolae_overflow_hidden_temple,
          kiku_gazebo_garden_becter, tso_metal_star

Skill      XL: |  1  2 |
---------------+-------+-----
Stealth        | 1 2 |  2.5
Fighting       | 2 |  2.4
Short Blades   | |  2.9
Throwing       | |  0.7
Armour         | |  0.7
Dodging        | |  2.9
Shields        | |  0.2
Spellcasting   | |  2.0
Translocations | |  2.4

Action                   || total
-------------------------++-------
Melee: Short sword       ||   134
       Bite              ||    12
 Stab: Sleeping          ||     3
Armor: Leather armour    ||    39
Dodge: Dodged            ||    83
Block: Buckler           ||    10
